 Dungeon Crawl Stone Soup version 0.31-a0-154-g56bf346678 (webtiles) character file.

Game seed: 11839979382277468448

879 ytrimaz the Thaumaturge (level 7, 0/46 HPs)
             Began as a Mummy Necromancer on June 11, 2023.
             Slain by an orc
             ... wielding a +0 flail
              (4 damage)
             ... on level 5 of the Dungeon.
             The game lasted 00:06:55 (4747 turns).

ytrimaz the Thaumaturge (Mummy Necromancer)         Turns: 4747, Time: 00:06:55

Health: 0/46       AC:  4    Str: 12    XL:     7   Next: 75%
Magic:  0/28       EV: 12    Int: 16    God:
Gold:   188        SH:  0    Dex: 12    Spells: 10/23 levels left

rFire   x . .        c - +0 lajatang (speed)
rCold   + . .        (shield currently unavailable)
rNeg    + + +        a - +0 robe
rPois   ∞            (no helmet)
rElec   .            (no cloak)
rCorr   .            h - +0 pair of gloves
SInv    .            b - +0 pair of boots
Will    +....        (no amulet)
Stlth   ++           d - ring of magical power
HPRegen 0.27/turn    g - ring of willpower
MPRegen 0.21/turn

%: faith
@: animating dead, very slightly contaminated
A: cold resistance 1, negative energy resistance 3, torment resistance 2, heat
vulnerability 1, in touch with death 1, no potions, faith
a: no special abilities


You were on level 5 of the Dungeon.
You visited 1 branch of the dungeon, and saw 5 of its levels.

You collected 188 gold pieces.


Innate Abilities, Weirdness & Mutations

You are immune to poison.
Your flesh is cold resistant. (rC+)
You are immune to negative energy. (rN+++)
You are immune to unholy pain and torment.
You are vulnerable to heat. (rF-)
You are in touch with the powers of death.
You do not drink.
You have a special connection with the divine. (Faith)


   Skills:
 + Level 2.2 Staves
 - Level 1.5 Dodging
 - Level 1.5 Stealth
 * Level 8.5 Spellcasting
 + Level 6.2 Necromancy


You had 10 spell levels left.
You knew the following spells:

 Your Spells              Type           Power      Damage    Failure   Level
a - Necrotise             Necr           100%       1d9       1%          1
b - Vampiric Draining     Necr           40%        2d8       2%          3
c - Agony                 Necr           40%        N/A       22%         5
d - Animate Dead          Necr           40%        N/A       9%          4

Your spell library contained the following spells:

 Spells                   Type           Power      Damage    Failure   Level
 Apportation              Tloc           12%        N/A       11%         1
 Magic Dart               Conj           24%        1d4       11%         1
 Summon Small Mammal      Summ           24%        N/A       11%         1
 Searing Ray              Conj           12%        2d4       16%         2
 Call Canine Familiar     Summ           6%         N/A       32%         3
 Summon Guardian Golem    Hex/Summ       6%         N/A       32%         3
 Fulminant Prism          Conj/Hex       3%         3d5       71%         4
 Passage of Golubria      Tloc           6%         N/A       71%         4
 Silence                  Hex/Air        3%         N/A       96%         5
 Lehudib's Crystal Spear  Conj/Erth      3%         10d2      100%        8

Inventory:

Hand Weapons
 c - a +0 lajatang of speed (weapon)
   (You acquired it on level 3 of the Dungeon)
Missiles
 k - a throwing net
Armour
 a - a +0 robe (worn)
 b - a +0 pair of boots (worn)
   (You found it on level 1 of the Dungeon)
 h - a +0 pair of gloves (worn)
   (You found it on level 2 of the Dungeon)
Jewellery
 d - a ring of magical power (left hand)
   (You found it on level 2 of the Dungeon)
 e - a ring of flight
   (You found it on level 2 of the Dungeon)
 g - a ring of willpower (right hand)
   (You found it on level 2 of the Dungeon)
Scrolls
 f - 3 scrolls of teleportation
 i - a scroll of noise
 j - 2 scrolls of enchant armour
 l - a scroll of magic mapping

Dungeon Overview and Level Annotations

Branches:
Dungeon (5/15) Zot: 25261
 Temple: D:4-7

Altars:
Dithmenos
Nemelex Xobeh
Okawaru

#....# ##>...# .
.....# ... #....#
.... #...##....#
......# #......:...#
......# +..........#
....$.# #........o@#
.....#
#........o>##.....#
#.........Z)......##
#..................#
#..................#
#..................#
#......)...##.....##
#......)...# .....#
......#..........#
......#


You could see 2 orcs and a friendly orc zombie.


Message History

You are too injured to fight recklessly!
You are too injured to fight recklessly!
You are too injured to fight recklessly!
You are too injured to fight recklessly!
You are too injured to fight recklessly!
You hit the orc but do no damage. 😮 MP[+1]
You barely miss the orc. The orc hits you with a +0 hand axe.
The orc hits you but does no damage.
The orc hits you with a +0 flail. 😮 HP[-7]
You take 7 damage, and now have 24/46 hp.
You closely miss the orc. The orc hits you but does no damage.
The orc misses you. The orc hits you but does no damage.
The orc hits you with a +0 flail.
* * * LOW HITPOINT WARNING * * *
An adder comes into view. 😨 HP[-1]
You take 1 damage, and now have 23/46 hp.
Unknown command.
The adder hisses angrily.
You slash the orc!
You kill the orc!
The dead are walking!
The orc closely misses you. The orc hits you with a +0 flail.
* * * LOW HITPOINT WARNING * * *
The orc hits you with a +0 dagger.
* * * LOW HITPOINT WARNING * * *
😨 HP[-9]
You take 9 damage, and now have 14/46 hp.
The orc hits you but does no damage. The orc hits you with a +0 flail!
* * * LOW HITPOINT WARNING * * *
You see here a +0 hand axe. 😱 HP[-9]
You take 9 damage, and now have 5/46 hp.
The orc attacks as you move away! The orc closely misses you.
The orc barely misses you.
There is a stone staircase leading down here. 😱 MP[+1]
Casting: Animate Dead (quite dangerous; 9% risk of failure)
Confirm with . or Enter, or press ? or * to list all spells.
Aiming: Vampiric Draining (dangerous; 2% risk of failure)
Press: ? - help, Shift-Dir - straight line, f - orc
Aim: an orc, wielding a +0 short sword (ally target)
You feel a surge of power!
You draw life force from the orc!
You kill the orc!
You feel life coursing into your body.
The dead are walking!
The orc misses you. The orc closely misses you.
Your orc zombie closely misses the orc. 😱 HP[+5] MP[-3]
You regained 5 hp, and now have 10/46 hp.
You lost 3 mp, and now have 8/28 mp.
The orc hits your orc zombie with a +0 dagger.
The orc hits your orc zombie with a +0 flail.
Your orc zombie is destroyed!
The adder bites you.
* * * LOW HITPOINT WARNING * * *
😱 HP[-4]
You take 4 damage, and now have 6/46 hp.
Casting: Vampiric Draining (dangerous; 2% risk of failure)
Confirm with . or Enter, or press ? or * to list all spells.
Aiming: Vampiric Draining (dangerous; 2% risk of failure)
Press: ? - help, Shift-Dir - straight line, f - adder
Aim: an adder (ally target)
You feel a surge of power!
You miscast Vampiric Draining.
You are very lightly contaminated with residual magic.
Nothing appears to happen.
Your orc zombie hits the orc.
The adder barely misses you. 😱 MP[-3]
You lost 3 mp, and now have 5/28 mp.
Casting: Vampiric Draining (dangerous; 2% risk of failure)
Confirm with . or Enter, or press ? or * to list all spells.
Aiming: Vampiric Draining (dangerous; 2% risk of failure)
Press: ? - help, Shift-Dir - straight line, f/p - adder
Aim: an adder (ally target)
You feel a surge of power!
You draw life force from the adder!
You feel life coursing into your body.
The adder barely misses you. 😱 HP[+5] MP[-3]
You regained 5 hp, and now have 11/46 hp.
You lost 3 mp, and now have 2/28 mp.
Casting: Vampiric Draining (dangerous; 2% risk of failure)
Confirm with . or Enter, or press ? or * to list all spells.
You don't have enough magic to cast this spell.
You closely miss the adder. The adder barely misses you.
The orc hits you but does no damage. The orc hits you with a +0 flail!
* * * LOW HITPOINT WARNING * * *
Your orc zombie misses the adder. 😱 HP[-8] MP[+1]
You take 8 damage, and now have 3/46 hp.
Unknown command.
Casting: Vampiric Draining (dangerous; 2% risk of failure)
Confirm with . or Enter, or press ? or * to list all spells.
Aiming: Vampiric Draining (dangerous; 2% risk of failure)
Press: ? - help, Shift-Dir - straight line, f/p - adder
Aim: an adder (almost dead, ally target)
You feel a surge of power!
You draw life force from the adder!
You kill the adder!
You feel life coursing into your body. The orc hits you but does no damage.
The orc hits you with a +0 flail.
You die...

Skill      XL: |  1  2  3  4  5  6  7 |
---------------+----------------------+-----
Spellcasting   | 3 4 5 6 7 8 |  8.5
Necromancy     | 5 6 |  6.2
Staves         | 1 2 |  2.2
Dodging        | |  1.5
Stealth        | |  1.5

Action                     |  1- 3 |  4- 6 |  7- 9 || total
---------------------------+-------+-------+-------++-------
  Melee: Unarmed           |    24 |     1 |       ||    25
         Lajatang          |       |    59 |    12 ||    71
  Throw: Throwing net      |       |     2 |       ||     2
   Cast: Necrotise         |    53 |   142 |    10 ||   205
         Vampiric Draining |       |    15 |     9 ||    24
         Animate Dead      |       |       |     1 ||     1
    Use: Scroll            |     1 |     7 |       ||     8
   Stab: Held in net/web   |       |     1 |       ||     1
 Armour: Robe              |     6 |    23 |     8 ||    37
  Dodge: Dodged            |    31 |    70 |    25 ||   126

Levels and vault maps discovered:
D:1:      dpeg_arrival_simpleton_b, layout_basic, serial_curves, eino_curves_02,
          eino_curves_02, minmay_small_reverse_x
D:2:      kennysheep_six_static_rooms, layout_basic
D:3:      layout_loops_corners, nemelex_diamond_rough_becter,
          nicolae_dithmenos_through_a_glass_darkly, okawaru_ov_weapons_minmay,
          nicolae_wormholes
D:4:      layout_basic, lemuel_crystal_altar, minmay_mini_ossuary
D:5:      layout_gridville, minmay_temple_entry_mini_moons,
          cheibrodos_sewer_entry_bend, uniq_crazy_yiuf_cottage, uniq_eustachio,
          uniq_grinder

Notes
Turn   | Place    | Note
-------+----------+-------------------------------------------
     0 | D:1      | ytrimaz the Mummy Necromancer began the quest for the Orb.
     0 | D:1      | Reached XP level 1. HP: 13/13 MP: 4/4
     0 | D:1      | magus.rc [v1.9.6]
     7 | D:1      | You pick up a book of Callings and begin reading...
     7 | D:1      | You add the spells Summon Small Mammal, Call Canine
                  | Familiar and Summon Guardian Golem to your library.
    68 | D:1      | Reached skill level 3 in Spellcasting
   188 | D:1      | Reached XP level 2. HP: 13/19 MP: 1/6
   972 | D:2      | Reached skill level 4 in Spellcasting
   972 | D:2      | Gained mutation: You are in touch with the powers of death.
                  | [Mummy growth]
   972 | D:2      | Reached XP level 3. HP: 18/24 MP: 1/8
   976 | D:2      | Learned a level 3 spell: Vampiric Draining
  1233 | D:2      | Reached XP level 4. HP: 30/30 MP: 10/10
  1766 | D:2      | Reached skill level 5 in Spellcasting
  2118 | D:3      | You pick up a book of Cantrips and begin reading...
  2233 | D:3      | Found an iron altar of Okawaru.
  2261 | D:3      | Found a shadowy altar of Dithmenos.
  2413 | D:3      | Reached XP level 5. HP: 35/35 MP: 12/12
  2535 | D:3      | Reached skill level 5 in Necromancy
  2545 | D:3      | HP: 8/35 [something (3)]
  2713 | D:3      | Reached skill level 6 in Spellcasting
  2863 | D:3      | Found the +7 staff of the Meek {protect, meekguard}
  3001 | D:3      | You pick up a book of Conjurations and begin reading...
  3001 | D:3      | You add the spells Magic Dart, Searing Ray and Fulminant
                  | Prism to your library.
  3023 | D:3      | Found a sparkling altar of Nemelex Xobeh.
  3253 | D:3      | Reached XP level 6. HP: 41/41 MP: 15/15
  3427 | D:3      | You pick up a book of the Moon and begin reading...
  3427 | D:3      | You add the spells Passage of Golubria, Silence and
                  | Lehudib's Crystal Spear to your library.
  3475 | D:3      | Identified a scroll of acquirement
  3475 | D:3      | Acquired a +0 lajatang of speed
  3858 | D:4      | Reached skill level 7 in Spellcasting
  3896 | D:4      | Learned a level 5 spell: Agony
  3901 | D:4      | Learned a level 4 spell: Animate Dead
  4451 | D:5      | Entered Level 5 of the Dungeon
  4451 | D:5      | Noticed Grinder
  4459 | D:4      | Reached skill level 1 in Staves
  4538 | D:5      | Killed Grinder
  4539 | D:5      | Reached skill level 6 in Necromancy
  4539 | D:5      | Reached XP level 7. HP: 14/46 MP: 18/18
  4552 | D:5      | Reached skill level 8 in Spellcasting
  4695 | D:5      | Noticed Eustachio
  4703 | D:5      | Killed Eustachio
  4704 | D:5      | Reached skill level 2 in Staves
  4740 | D:5      | HP: 5/46 [orc/+0 flail (9)]
  4746 | D:5      | HP: 3/46 [orc/+0 flail (8)]
  4747 | D:5      | Slain by an orc

Vanquished Creatures
  Grinder (D:5)
  Eustachio (D:5)
  A jelly (D:4)
  2 hounds
  2 orc priests
  2 iguanas
  2 orc wizards
  A mummy (D:4)
  8 adders
  7 gnolls
  6 worms
  A dart slug (D:2)
  11 orcs
  12 ball pythons
  3 bats
  5 endoplasms
  4 giant cockroaches
  9 goblins
  7 hobgoblins
  10 kobolds
  3 quokkas
  3 frilled lizards
  2 hobgoblin zombies (D:4)
  A kobold zombie (D:4)
  An orc zombie (D:4)
  3 rats (D:2)
108 creatures vanquished.

Vanquished Creatures (collateral kills)
  An adder (D:2)
  A dart slug (D:1)
  2 ball pythons
  An endoplasm (D:2)
  A bat (D:1)
  A rat (D:1)
7 creatures vanquished.

Vanquished Creatures (others)
  An orc zombie (D:5)
  A quokka zombie (D:5)
2 creatures vanquished.

Grand Total: 117 creatures vanquished

Table legend:
 A = Non-vault XP
 B = Vault XP
 C = Vault XP percentage of total XP
 D = Non-vault monster count
 E = Vault monster count
 F = Vault count percentage of total count
                 A         B        C        D         E       F
            +---------+---------+-------+---------+---------+-------
      Total |     703 |     567 |  44.6 |      94 |      21 |  18.3
            +---------+---------+-------+---------+---------+-------
        D:1 |      27 |       7 |  20.6 |      16 |       4 |  20.0
        D:2 |     115 |      22 |  16.1 |      25 |       6 |  19.4
        D:3 |     211 |      19 |   8.3 |      30 |       4 |  11.8
        D:4 |     237 |      22 |   8.5 |      16 |       5 |  23.8
        D:5 |     113 |     497 |  81.5 |       7 |       2 |  22.2
            +---------+---------+-------+---------+---------+-------

Skill      XL: |  1  2  3  4  5  6  7 |
---------------+----------------------+-----
Spellcasting   | 3 4 5 6 7 8 |  8.5
Necromancy     | 5 6 |  6.2
Staves         | 1 2 |  2.2
Dodging        | |  1.5
Stealth        | |  1.5

Action                     |  1- 3 |  4- 6 |  7- 9 || total
---------------------------+-------+-------+-------++-------
  Melee: Unarmed           |    24 |     1 |       ||    25
         Lajatang          |       |    59 |    12 ||    71
  Throw: Throwing net      |       |     2 |       ||     2
   Cast: Necrotise         |    53 |   142 |    10 ||   205
         Vampiric Draining |       |    15 |     9 ||    24
         Animate Dead      |       |       |     1 ||     1
    Use: Scroll            |     1 |     7 |       ||     8
   Stab: Held in net/web   |       |     1 |       ||     1
 Armour: Robe              |     6 |    23 |     8 ||    37
  Dodge: Dodged            |    31 |    70 |    25 ||   126

Illustrated notes

Table legend:
 A = Kills in this place as a percentage of kills in the entire game.
 B = Kills by you in this place as a percentage of kills by you in the entire game.
 C = Kills by friends in this place as a percentage of kills by friends in the entire game.
 D = Other kills in this place as a percentage of other kills in the entire game.
 E = Experience gained in this place as a percentage of experience gained in the entire game.
 F = Experience gained in this place divided by the number of levels of this place that you have seen.
                   A       B       C       D       E      F
               +-------+-------+-------+-------+-------+----------------------
         Total | 100.0 | 100.0 | 100.0 |   N/A | 100.0 | 254.0
       Dungeon | 100.0 | 100.0 | 100.0 |   N/A | 100.0 | 254.0
               +-------+-------+-------+-------+-------+----------------------

Table legend: (Time is in decaauts)
 A = Elapsed time spent in this place.
 B = Non-inter-level travel time spent in this place.
 C = Inter-level travel time spent in this place.
 D = Time resting spent in this place.
 E = Time spent auto-exploring this place.
 F = Levels seen in this place.
 G = Mean time per level.
                   A        B        C        D        E       F      G
               +--------+--------+--------+--------+--------+-----+--------+
         Total |   4737 |   4661 |     76 |     61 |   3875 |   5 |  947.4 |
       Dungeon |   4737 |   4661 |     76 |     61 |   3875 |   5 |  947.4 |
               +--------+--------+--------+--------+--------+-----+--------+

Top non-repeatable levels by time:
     D:3: 1416 daAuts
     D:2: 1272 daAuts
     D:4: 994 daAuts
     D:1: 818 daAuts
     D:5: 236 daAuts
